 Dungeon Crawl Stone Soup version 0.28.0-53-g5a82cb258f (console) character file.

Game seed: 1929965607616467458

295 erker the Digger (level 6, -6/36 HPs)
             Began as an Octopode Earth Elementalist on July 15, 2022.
             Killed by nerve-wracking pain
             ... invoked by Menkaure
              (9 damage)
             ... on level 4 of the Dungeon.
             The game lasted 00:08:51 (4297 turns).

erker the Digger (Octopode Earth Elementalist)      Turns: 4297, Time: 00:08:52

Health: -6/36      AC:  1    Str:  8    XL:     6   Next: 34%
Magic:  4/9        EV: 13    Int: 19    God:
Gold:   126        SH:  0    Dex: 12    Spells: 2/9 levels left

rFire   . . .      SeeInvis .   a - +0 dagger
rCold   . . .      Faith    .   (no shield)
rNeg    . . .      Spirit   .   (helmet restricted)
rPois   .          Reflect  .   (no amulet)
rElec   .          Harm     .   (no ring)
rCorr   .          Rampage  .   (no ring)
Will    .....                   (no ring)
Stlth   +++.......              (no ring)
HPRegen 0.12/turn               (no ring)
MPRegen 0.11/turn               (no ring)
                                (no ring)
                                (no ring)

@: no status effects
A: almost no armour, amphibious, 8 rings, camouflage 1, gelatinous body 1,
(nimble swimmer 1), tentacles
a: no special abilities


You were on level 4 of the Dungeon.
You visited 1 branch of the dungeon, and saw 4 of its levels.

You collected 126 gold pieces.

Inventory:

Hand Weapons
 a - a +0 dagger (weapon)
Missiles
 b - 87 stones
 i - 7 poisoned darts
 l - a throwing net
Scrolls
 d - a scroll of identify {unknown}
 h - 2 scrolls of teleportation {unknown}
 j - 2 scrolls of holy word {unknown}
 k - 2 scrolls of vulnerability {unknown}
Potions
 c - 2 potions of mutation {unknown}
 e - 2 potions of attraction {unknown}
 f - 3 potions of lignification {unknown}
 g - a potion of invisibility {unknown}
 m - a potion of degeneration {unknown}


   Skills:
 - Level 2.0 Short Blades
 - Level 2.0 Dodging
 - Level 4.0 Stealth
 - Level 2.0 Spellcasting
 - Level 4.0 Transmutations
 + Level 4.6 Earth Magic


You had 2 spell levels left.
You knew the following spells:

 Your Spells              Type           Power      Damage    Failure   Level
a - Sandblast             Erth           38%        2d10      2%          1
p - Petrify               Tmut/Erth      18%        N/A       28%         4
w - Passwall              Tmut/Erth      15%        N/A       4%          2

Your spell library contained the following spells:

 Spells                   Type           Power      Damage    Failure   Level
 Stone Arrow              Conj/Erth      20%        3d8       19%         3


Dungeon Overview and Level Annotations

Branches:
Dungeon (4/15)
 Temple: D:4-7

Altars:

Shops:
D:1 *

Annotations:
D:4 Menkaure


Innate Abilities, Weirdness & Mutations

You cannot wear most types of armour.
You are amphibious.
You can wear up to eight rings at the same time.
Your skin changes colour to match your surroundings (Stealth+).
Your rubbery body absorbs attacks. (AC +1, EV +1)
((You are camouflaged when in or above water. (Stealth+)))
You have tentacles for arms and can constrict up to eight enemies at once.


Message History

The blast of sand misses Menkaure.
Casting: Sandblast (safe; 2% risk of failure)
Confirm with . or Enter, or press ? or * to list all spells.
Aiming: Sandblast (safe; 2% risk of failure)
Press: ? - help, Shift-Dir - straight line, f/p - Menkaure
Aim: Menkaure (90% to hit)
The blast of sand hits Menkaure.
Menkaure is lightly damaged.
Menkaure calls on the powers of darkness!
Your body is wracked with pain!
Casting: Sandblast (safe; 2% risk of failure)
Confirm with . or Enter, or press ? or * to list all spells.
Aiming: Sandblast (safe; 2% risk of failure)
Press: ? - help, Shift-Dir - straight line, f/p - Menkaure
Aim: Menkaure (lightly damaged, 90% to hit)
The blast of sand misses Menkaure.
Casting: Sandblast (safe; 2% risk of failure)
Confirm with . or Enter, or press ? or * to list all spells.
Aiming: Sandblast (safe; 2% risk of failure)
Press: ? - help, Shift-Dir - straight line, f/p - Menkaure
Aim: Menkaure (lightly damaged, 90% to hit)
The blast of sand misses Menkaure.
You hit Menkaure but do no damage. You grab Menkaure.
Menkaure is lightly damaged.
You constrict Menkaure, but do no damage.
You hit Menkaure but do no damage.
Menkaure is lightly damaged.
You constrict Menkaure. Menkaure hits you!
* * * LOW HITPOINT WARNING * * *
Casting: Sandblast (safe; 2% risk of failure)
Confirm with . or Enter, or press ? or * to list all spells.
Aiming: Sandblast (safe; 2% risk of failure)
Press: ? - help, Shift-Dir - straight line, f/p - Menkaure
Aim: Menkaure (lightly damaged, constricted by you, 100% to hit)
The blast of sand hits Menkaure but does no damage.
Menkaure is lightly damaged.
You constrict Menkaure. Menkaure casts a spell at you.
Pain shoots through your body!
You die...

#.#..#.....### ##.#
#.#.##.#.##########.####
.......................
###.####.###########.###
#........# #.#
#.#.################.###
#.#.#...................
#<..#.######............
#.#....@# ########.##
#.#.#.#M# ...g......# #
#.#.#.#############..#
#...#................#
##########M...######.#
............
....######.. M...# ##.
....# #.


You could see Menkaure.

Vanquished Creatures
  A hound (D:4)
  An orc priest (D:3)
  2 orc wizards (D:3)
  4 gnolls (D:3)
  6 adders
  3 worms (D:3)
  A dart slug (D:1)
  5 orcs (D:3)
  7 endoplasms
  3 giant cockroaches
  9 goblins
  4 hobgoblins
  9 jackals
  5 quokkas
  3 ball pythons
  4 bats
  5 frilled lizards
  4 kobolds
  6 rats
82 creatures vanquished.

Notes
Turn   | Place    | Note
-------+----------+-------------------------------------------
     0 | D:1      | erker the Octopode Earth Elementalist began the quest for
                  | the Orb.
     0 | D:1      | Reached XP level 1. HP: 11/11 MP: 3/3
   154 | D:1      | Reached XP level 2. HP: 17/17 MP: 0/5
   465 | D:1      | Found a faded altar of an unknown god.
   703 | D:1      | Learned a level 2 spell: Passwall
   882 | D:1      | Reached XP level 3. HP: 21/21 MP: 3/6
  1095 | D:1      | Reached skill level 1 in Short Blades
  1229 | D:1      | Found Miomuam's Assorted Antiques.
  2179 | D:2      | Reached XP level 4. HP: 27/27 MP: 4/7
  2184 | D:2      | Learned a level 4 spell: Petrify
  2733 | D:3      | Reached XP level 5. HP: 26/31 MP: 6/8
  3729 | D:3      | Reached XP level 6. HP: 36/36 MP: 5/9
  4281 | D:4      | Noticed Menkaure
  4297 | D:4      | Killed from afar by Menkaure

Illustrated notes

Levels and vault maps discovered:
D:1:      saegor_arrival_fortress, layout_basic, serial_shops,
          nicolae_shop_waterfront, hellmonk_ecumenical_altar_pennies_from_heaven
D:2:      wad_pebble_path, layout_basic, minmay_misc_feat_x
D:3:      layout_basic, bh_walls_and_bars
D:4:      layout_basic, minmay_fractal_squares_diagonal_5, uniq_menkaure

Skill      XL: |  1  2  3  4  5 |
---------------+----------------+-----
Stealth        | 3 4 |  4.0
Short Blades   | 1 2 |  2.0
Earth Magic    | 4 |  4.6
Transmutations | 2 4 |  4.0
Dodging        | |  2.0
Spellcasting   | |  2.0

Action                   |  1- 3 |  4- 6 || total
-------------------------+-------+-------++-------
Melee: Unarmed           |    24 |       ||    24
       Constrict         |    17 |    17 ||    34
       Tentacles         |    19 |    23 ||    42
       Dagger            |    42 |    80 ||   122
       Punch             |       |     2 ||     2
 Cast: Sandblast         |    16 |    31 ||    47
       Passwall          |     3 |     2 ||     5
 Stab: Sleeping          |    13 |    10 ||    23
Armor: Skin              |     4 |     4 ||     8
Dodge: Dodged            |    40 |    50 ||    90
